 Dungeon Crawl Stone Soup version 0.26-a0-658-gbdda728c12 (webtiles) character file.

Game seed: 9115603961872714327

28 rogsnak the Digger (level 3, -1/24 HPs)
             Began as a Demonspawn Earth Elementalist on Oct 4, 2020.
             Slain by Terence
             ... wielding a +0 trident
              (7 damage)
             ... on level 2 of the Dungeon.
             The game lasted 00:03:20 (2568 turns).

rogsnak the Digger (Demonspawn Earth Elementalist)  Turns: 2568, Time: 00:03:20

Health: -1/24      AC:  4    Str:  8    XL:     3   Next: 0%
Magic:  0/6        EV: 12    Int: 17    God:
Gold:   107        SH:  0    Dex: 13    Spells: 2/6 levels left

rFire    . . .     SeeInvis .   g - +0 dagger
rCold    . . .     Faith    .   (no shield)
rNeg     . . .     Spirit   .   c - +0 robe
rPois    .         Reflect  .   (no helmet)
rElec    .         Harm     .   (no cloak)
rCorr    .         Rampage  .   n - +1 pair of gloves
MR       .....                  (no boots)
Stlth    ++........             (no amulet)
HPRegen  0.08/turn              (no ring)
MPRegen  0.10/turn              (no ring)

@: no status effects
A: talons 1, rot immunity
a: no special abilities


You were on level 2 of the Dungeon.
You visited 1 branch of the dungeon, and saw 2 of its levels.

You collected 107 gold pieces.

Inventory:

Hand Weapons
 g - a +0 dagger (weapon)
Missiles
 b - 63 stones (quivered)
 e - 35 sling bullets
 f - 11 curare-tipped darts
 l - 22 arrows
Armour
 c - a +0 robe (worn)
 n - a +1 pair of gloves (worn)
Wands
 p - a wand of iceblast (7)
Scrolls
 h - 4 scrolls of identify {unknown}
 i - a scroll of magic mapping {unknown}
 m - a scroll of teleportation {unknown}
Potions
 a - 2 potions of lignification {unknown}
 d - 2 potions of magic {unknown}
 j - 3 potions of stabbing {unknown}
 k - 2 potions of curing {unknown}
 o - a potion of brilliance {unknown}


   Skills:
 + Level 0.2 Fighting
 + Level 2.2 Dodging
 - Level 2.0 Stealth
 + Level 2.3 Spellcasting
   Level 0.8 Transmutations
 + Level 3.1 Earth Magic


You had 2 spell levels left.
You knew the following spells:

 Your Spells              Type           Power        Failure   Level
a - Sandblast             Erth           ##....       5%          1
b - Stone Arrow           Conj/Erth      #.....       30%         3

Your spell library contained the following spells:

 Spells                   Type           Power        Failure   Level
 Passwall                 Tmut/Erth      #.......     12%         2
 Petrify                  Tmut/Erth      #.......     63%         4
 Lee's Rapid Deconstruct  Erth           ##........   82%         5


Dungeon Overview and Level Annotations

Branches:
Dungeon (2/15)

Altars:
The Shining One

Annotations:
D:2 Terence


Innate Abilities, Weirdness & Mutations

You have sharp toenails.
You are immune to rotting.


Message History

The blast of sand misses Terence.
b - 64 stones Terence hits you from afar with a +0 trident!
Casting: Sandblast (safe; 5% risk of failure)
Confirm with . or Enter, or press ? or * to list all spells.
Aiming: Sandblast (safe; 5% risk of failure)
Press: ? - help, Shift-Dir - straight line, f/p - Terence
Aim: Terence, wielding a +0 trident and wearing a +0 chain mail The blast of sand misses Terence.
b - 63 stones
Casting: Sandblast (safe; 5% risk of failure)
Confirm with . or Enter, or press ? or * to list all spells.
You don't have enough magic to cast that spell.
Unknown command.
Terence hits you but does no damage.
You hit Terence but do no damage. Your kick misses Terence.
Terence hits you with a +0 trident.
* * * LOW HITPOINT WARNING * * *
You barely miss Terence. Terence hits you with a +0 trident!
You die...

##.# #.##.## ##.####
#.#...##..# ......#
#......#..# ##.##.#
#.#...##..# #.##.#
#.##.###..#
#.##.###.##.# #..#
#........##.# #..#
####........# #(@#
#..#########@.#
#.........$...#
#####..##########.#
.......######## #.#
###...........# #.#
#..###.####.# #.#
###..# #.## #.# #.#
.....###..###.###.##
#..................#


You could see Terence.

Vanquished Creatures
  An adder (D:2)
  A leopard gecko (D:2)
  A bat (D:1)
  3 giant cockroaches (D:2)
  4 goblins
  2 kobolds
  A frilled lizard (D:1)
  5 rats
18 creatures vanquished.

Notes
Turn   | Place    | Note
-------+----------+-------------------------------------------
     0 | D:1      | rogsnak the Demonspawn Earth Elementalist began the quest
                  | for the Orb.
     0 | D:1      | Reached XP level 1. HP: 13/13 MP: 3/3
    70 | D:1      | You fall into a shaft and drop 1 floor!
   834 | D:1      | Gained mutation: You are immune to rotting. [demonic
                  | ancestry]
   834 | D:1      | Reached XP level 2. HP: 7/19 MP: 5/5
  2117 | D:2      | Found a glowing golden altar of the Shining One.
  2257 | D:2      | Reached skill level 3 in Earth Magic
  2418 | D:2      | Gained mutation: You have sharp toenails. [demonic
                  | ancestry]
  2418 | D:2      | Reached XP level 3. HP: 23/24 MP: 6/6
  2425 | D:2      | Noticed Terence
  2431 | D:2      | Learned a level 3 spell: Stone Arrow
  2568 | D:2      | Slain by Terence

Illustrated notes

Levels and vault maps discovered:
D:1:      nzn_arrival_crosshair, layout_loops_corners
D:2:      layout_loops_ring, tso_oasis_becter, uniq_terence

Skill      XL: |  1  2 |
---------------+-------+-----
Dodging        | 2 |  2.2
Stealth        | 2 |  2.0
Earth Magic    | 3 |  3.1
Fighting       | |  0.2
Spellcasting   | |  2.3
Transmutations | |  0.8

Action                   || total
-------------------------++-------
Melee: Unarmed           ||    36
       Dagger            ||    84
 Cast: Sandblast         ||    12
 Stab: Sleeping          ||     2
Armor: Robe              ||    25
Dodge: Dodged            ||    73

Table legend: (Time is in decaauts)
 A = Elapsed time spent in this place.
 B = Non-inter-level travel time spent in this place.
 C = Inter-level travel time spent in this place.
 D = Time resting spent in this place.
 E = Time spent auto-exploring this place.
 F = Levels seen in this place.
 G = Mean time per level.
                   A        B        C        D        E       F      G
               +--------+--------+--------+--------+--------+-----+--------+
         Total |   2568 |   2556 |     12 |    983 |   1176 |   2 | 1284.0 |
       Dungeon |   2568 |   2556 |     12 |    983 |   1176 |   2 | 1284.0 |
               +--------+--------+--------+--------+--------+-----+--------+

Top non-repeatable levels by time:
     D:1: 1390 daAuts
     D:2: 1178 daAuts
